 Dungeon Crawl Stone Soup version 0.27-a0-1612-gde56a17b89 (webtiles) character file.

Game seed: 2310253900818861668

273 Zonian the Conjurer (level 6, -17/30 HPs)
             Began as a Vine Stalker Conjurer on July 22, 2021.
             Killed from afar by a steam dragon (27 damage)
             ... with a ball of steam
             ... on level 4 of the Dungeon.
             The game lasted 00:06:11 (6703 turns).

Zonian the Conjurer (Vine Stalker Conjurer)         Turns: 6703, Time: 00:06:12

Health: -17/30     AC:  3    Str:  9    XL:     6   Next: 23%
Magic:  0/12       EV: 17    Int: 18    God:
Gold:   124        SH:  0    Dex: 21    Spells: 4/11 levels left

rFire    . . .     SeeInvis .   b - +2 dagger (freeze)
rCold    . . .     Faith    .   (no shield)
rNeg     . . .     Spirit   +   a - +0 robe
rPois    .         Reflect  .   j - +1 hat
rElec    .         Harm     .   (no cloak)
rCorr    .         Rampage  .   (no gloves)
Will     .....                  (no boots)
Stlth    +++.......             (no amulet)
HPRegen  1.10/turn              k - +4 ring of evasion
MPRegen  0.13/turn              c - +6 ring of dexterity

@: very slightly contaminated
A: fangs 2, regeneration 1, magic shield, antimagic bite, no potion heal 2
a: no special abilities


You were on level 4 of the Dungeon.
You visited 1 branch of the dungeon, and saw 4 of its levels.

You collected 124 gold pieces.

Inventory:

Hand Weapons
 b - a +2 dagger of freezing (weapon)
 i - a +1 dagger of pain
Armour
 a - a +0 robe (worn)
 j - a +1 hat (worn)
Jewellery
 c - a +6 ring of dexterity (right hand)
 k - a +4 ring of evasion (left hand)
Scrolls
 d - a scroll of identify
 g - 4 scrolls of vulnerability
Potions
 e - a potion of might
 f - a potion of curing {unknown}
 h - a potion of invisibility {unknown}


   Skills:
 + Level 1.0 Fighting
 + Level 1.6 Short Blades
 + Level 2.1 Dodging
 + Level 3.6 Stealth
 + Level 3.3 Spellcasting
 + Level 5.5 Conjurations


You had 4 spell levels left.
You knew the following spells:

 Your Spells              Type           Power      Damage    Failure   Level
a - Magic Dart            Conj           92%        1d7       1%          1
b - Searing Ray           Conj           46%        3d4       2%          2
c - Iskenderun's Mystic   Conj/Tloc      13%        2d5       45%         4

Your spell library contained the following spells:

 Spells                   Type           Power      Damage    Failure   Level
 Dazzling Flash           Conj/Hex       26%        N/A       16%         3
 Fulminant Prism          Conj/Hex       6%         3d7       45%         4


Dungeon Overview and Level Annotations

Branches:
Dungeon (4/15)
 Temple: D:4-7

Altars:
Wu Jian

Shops:
D:3 =

Annotations:
D:2 1 runed translucent door, Crazy Yiuf


Innate Abilities, Weirdness & Mutations

You have extremely sharp teeth.
Your natural rate of healing is unusually fast.
When hurt, damage is shared between your health and your magic reserves.
Your bite disrupts and absorbs the magic of your enemies.
Potions cannot restore your health.


Message History

The steam dragon breathes steam at you. The ball of steam hits you!
Unknown command.
The searing ray misses the steam dragon.
You finish channeling your searing ray.
You are engulfed in a cloud of scalding steam.
The steam dragon closely misses you. x2
Unknown command.
Casting: Searing Ray (safe; 2% risk of failure)
Confirm with . or Enter, or press ? or * to list all spells.
Aiming: Searing Ray (safe; 2% risk of failure)
Press: ? - help, Shift-Dir - straight line, f/p - steam dragon
Aim: a steam dragon (lightly wounded, 78% to hit)
You miscast Searing Ray.
You are very lightly contaminated with residual magic.
Nothing appears to happen.
The steam dragon closely misses you. The steam dragon misses you.
You hit the steam dragon but do no damage.
The steam dragon is lightly wounded.
The steam dragon bites you!
* * * LOW HITPOINT WARNING * * *
The steam dragon barely misses you.
You hit the steam dragon but do no damage.
Your bite misses the steam dragon.
The steam dragon is lightly wounded.
The steam dragon breathes steam at you. The ball of steam misses you.
Unknown command.
A giant cockroach comes into view.
The giant cockroach is engulfed in a cloud of scalding steam.
The giant cockroach barely misses you.
The giant cockroach moves out of view.
Unknown command.
The giant cockroach bites you.
* * * LOW HITPOINT WARNING * * *
Unknown command.
The steam dragon breathes steam at you.
The ball of steam misses the giant cockroach.
The ball of steam hits you!!
Ouch! That really hurt!
You die...

# #.#.#..### #.
#........# ...
###.####.# ....
#####.#....#
#...##.....#....#
#..BD.......[#
#...##B#####..##
### #ยง#####..###
#.@........########
#.#####............
#.# ##.#.#######.
#.# #.#.# ..# #.#.#
#.# ..#.# #.# .##.#
#. #. #.# #. #<#


You could see a giant cockroach.

Vanquished Creatures
  A phantom (D:3)
  A centaur skeleton (D:4)
  Robin (D:2)
  2 adders (D:2)
  5 gnolls
  A worm (D:2)
  3 dart slugs
  An orc (D:3)
  7 ball pythons
  5 endoplasms
  3 giant cockroaches
  5 hobgoblins
  4 kobolds
  9 quokkas
  10 bats
  6 frilled lizards
  14 goblins
  6 rats
84 creatures vanquished.

Vanquished Creatures (others)
  A giant cockroach (D:4)
  3 plants (D:3)
4 creatures vanquished.

Grand Total: 88 creatures vanquished

Notes
Turn   | Place    | Note
-------+----------+-------------------------------------------
     0 | D:1      | Zonian the Vine Stalker Conjurer began the quest for the
                  | Orb.
     0 | D:1      | Reached XP level 1. HP: 9/9 MP: 4/4
   189 | D:1      | Reached XP level 2. HP: 13/13 MP: 1/6
   293 | D:1      | Learned a level 2 spell: Searing Ray
   993 | D:1      | Reached XP level 3. HP: 6/16 MP: 0/7
  1723 | D:1      | Found a faded altar of an unknown god.
  2307 | D:2      | Reached skill level 5 in Conjurations
  2307 | D:2      | Gained mutation: Your natural rate of healing is unusually
                  | fast. [Vine Stalker growth]
  2307 | D:2      | Reached XP level 4. HP: 13/21 MP: 2/8
  3183 | D:2      | Noticed Robin
  3189 | D:2      | Killed Robin
  4063 | D:2      | Found a runed translucent door.
  4064 | D:2      | Noticed Crazy Yiuf
  4515 | D:3      | Reached skill level 1 in Short Blades
  4515 | D:3      | Reached XP level 5. HP: 17/25 MP: 4/10
  4818 | D:3      | Found Iteem's Jewellery Boutique.
  5047 | D:3      | Noticed a phantom
  5069 | D:3      | Killed a phantom
  5070 | D:3      | Reached skill level 1 in Fighting
  5454 | D:3      | Reached XP level 6. HP: 30/30 MP: 4/11
  5711 | D:3      | Learned a level 4 spell: Iskenderun's Mystic Blast
  6559 | D:4      | Noticed a steam dragon
  6683 | D:4      | Found an ornate altar of the Wu Jian Council.
  6703 | D:4      | Killed from afar by a steam dragon

Illustrated notes

Levels and vault maps discovered:
D:1:      dpeg_arrival_erosion, layout_rooms,
          shapermc_ecumenical_altar_mp_vishouse
D:2:      minmay_chambers_of_twos, layout_basic, kennysheep_boxes,
          uniq_crazy_yiuf_cottage, uniq_robin
D:3:      layout_loops_ring, serial_forest, infiniplex_forest_lined_room_3,
          infiniplex_forest_straight_1, infiniplex_forest_straight_2,
          infiniplex_forest_straight_4, infiniplex_forest_end_2,
          infiniplex_forest_lined_3_way, infiniplex_forest_clump_double,
          serial_shops, nicolae_shop_window_shopping, minmay_misc_feat_x,
          serial_park_tiny_pond
D:4:      layout_loops_ring, grunt_qazlal_clouds, mainiacjoe_overflow_chevrons

Skill      XL: |  1  2  3  4  5 |
---------------+----------------+-----
Conjurations   | 5 |  5.5
Stealth        | 3 |  3.6
Short Blades   | 1 |  1.6
Fighting       | 1 |  1.0
Dodging        | 2 |  2.1
Spellcasting   | 3 |  3.3

Action                   |  1- 3 |  4- 6 || total
-------------------------+-------+-------++-------
Melee: Dagger            |    46 |    42 ||    88
       Bite              |     4 |    14 ||    18
 Cast: Magic Dart        |    65 |    83 ||   148
       Searing Ray       |     2 |     6 ||     8
  Use: Scroll            |       |     6 ||     6
 Stab: Sleeping          |       |     2 ||     2
Armor: Robe              |     3 |    14 ||    17
Dodge: Dodged            |    33 |    41 ||    74

Table legend: (Time is in decaauts)
 A = Elapsed time spent in this place.
 B = Non-inter-level travel time spent in this place.
 C = Inter-level travel time spent in this place.
 D = Time resting spent in this place.
 E = Time spent auto-exploring this place.
 F = Levels seen in this place.
 G = Mean time per level.
                   A        B        C        D        E       F      G
               +--------+--------+--------+--------+--------+-----+--------+
         Total |   6696 |   6554 |    142 |   3258 |   2735 |   4 | 1674.0 |
       Dungeon |   6696 |   6554 |    142 |   3258 |   2735 |   4 | 1674.0 |
               +--------+--------+--------+--------+--------+-----+--------+

Top non-repeatable levels by time:
     D:2: 2638 daAuts
     D:3: 1921 daAuts
     D:1: 1838 daAuts
     D:4: 297 daAuts
